AoeStats
← Cyborg Ninja Guardia Sivil

Fortress

510289711Analyzed
1v1 RM · 2d ago on Sep 30, 2026· 24m 59s· 2 players
Game mode
Random Map
Map size
Small (3 player)
Population
200
Speed
Normal
Resources
Standard
Victory
Conquest
Starting age
Dark Age
Ending age
Imperial Age
RankedLock teamsTeams togetherTeam positionsShared explorationLock speedFull tech treeHidden civsTurbo modeCheats
Victory
Defeat
🇪🇸 Celts · Spain
1049
+16
1046
-16
Cyborg Ninja Guardia Sivil
9:00 Feudal Age
13:07 Castle Age
10:56 Loom
15:20 Wheelbarrow
17:44 Scale Barding Armor
Titan_atsu
5:42 Loom
7:57 Feudal Age
11:35 Castle Age
9:33 Horse Collar
10:07 Double-Bit Axe
11:14 Scale Mail Armor
11:26 Forging
15:41 Arson
Connection lost

Rejoining the realm…

Still unreachable

The connection could not be restored.

Session expired

The server has moved on; the page needs a fresh start.